 Dungeon Crawl Stone Soup version 0.24-a0-284-g9fb9971 (webtiles) character file.

Game seed: 13178381644815760683

61 Anon1729 the Ducker (level 3, -2/29 HPs)
             Began as a Vampire Monk on May 5, 2019.
             Slain by Grinder (5 damage)
             ... while paralysed by Grinder
             ... on level 3 of the Dungeon.
             The game lasted 00:02:42 (2202 turns).

Anon1729 the Ducker (Vampire Monk)                  Turns: 2202, Time: 00:02:42

Health: -2/29      AC:  3    Str: 10    XL:     3   Next: 83%
Magic:  3/3        EV:  2    Int: 12    God:
Gold:   166        SH:  0    Dex: 22    Spells: 2/2 levels left

rFire    . . .     SeeInvis +   n - +1 long sword (protect)
rCold    . . .     Gourm    .   (no shield)
rNeg     . . .     Faith    .   b - +0 robe
rPois    .         Spirit   .   (no helmet)
rElec    .         Reflect  .   (no cloak)
rCorr    .         Harm     .   (no gloves)
MR       .....                  l - +0 pair of boots
Stlth    ++++......             (no amulet)
HPRegen  0.29/turn              (no ring)
MPRegen  0.08/turn              (no ring)

@: paralysed, agile, regenerating quickly
A: fangs 3, see invisible, unbreathing
a: no special abilities


You were on level 3 of the Dungeon.
You were very full.

You visited 1 branch of the dungeon, and saw 3 of its levels.

You collected 166 gold pieces.

Inventory:

Hand Weapons
 a - a +0 falchion
 n - a +1 long sword of protection (weapon)
Armour
 b - a +0 robe (worn)
 l - a +0 pair of boots (worn)
Jewellery
 q - an uncursed ring of flight {unknown}
Scrolls
 e - a scroll of amnesia {unknown}
 k - 2 scrolls of remove curse {unknown}
 m - a scroll of fear {unknown}
 o - 2 scrolls of identify {unknown}
 p - a scroll of enchant armour {unknown}
Potions
 c - 7 potions of blood
 d - a potion of curing {unknown}
 f - a potion of magic {unknown}
 g - a potion of agility
 h - a potion of haste {unknown}
 i - a potion of heal wounds {unknown}
 j - a potion of degeneration {unknown}


   Skills:
 + Level 3.0 Fighting
 * Level 3.7 Long Blades
 * Level 4.0 Dodging
 + Level 3.8 Stealth


You had 2 spell levels left.
You didn't know any spells.
Your spell library was empty.

Dungeon Overview and Level Annotations

Branches:
Dungeon (3/15)

Altars:
Makhleb

Annotations:
D:3 Grinder


Innate Abilities, Weirdness & Mutations

Your natural rate of healing is unusually fast.
You have razor-sharp teeth.
You have supernaturally acute eyesight. (SInv)
You can survive without breathing.


Message History

Your bite misses Grinder.
Grinder is severely wounded.
Grinder hits you but does no damage.
You hit Grinder. Your bite misses Grinder.
Grinder is severely wounded.
Grinder hits you!
You writhe in agony.
You barely miss Grinder. You bite Grinder.
Grinder is severely wounded.
Grinder gestures at you. Pain shoots through your body!
* * * LOW HITPOINT WARNING * * *
Unknown command.
You aren't carrying any items that you can evoke.
It was a potion of agility.
You feel agile all of a sudden. Grinder gestures at you.
You suddenly lose the ability to move!
Grinder hits you but does no damage. Grinder hits you.
You die...

#. #.. ###..
.... ##.##
#####..[####$#
......!.@)...#
####..5######
##.## #.#
###.# #.<.#
#.### #.# #.#


You could see Grinder.

Vanquished Creatures
  An adder (D:2)
  An ooze (D:2)
  2 worms
  2 ball pythons
  3 giant cockroaches (D:2)
  5 goblins
  8 hobgoblins
  A quokka (D:2)
  2 bats (D:2)
  2 frilled lizards
  6 kobolds
  6 rats
39 creatures vanquished.

Vanquished Creatures (others)
  A quokka (D:3)
1 creature vanquished.

Grand Total: 40 creatures vanquished

Notes
Turn   | Place    | Note
-------+----------+-------------------------------------------
     0 | D:1      | Anon1729 the Vampire Monk began the quest for the Orb.
     0 | D:1      | Reached XP level 1. HP: 17/17 MP: 1/1
   115 | D:1      | Reached XP level 2. HP: 14/23 MP: 2/2
  1290 | D:2      | Found a burning altar of Makhleb.
  1302 | D:2      | Reached XP level 3. HP: 26/28 MP: 3/3
  1947 | D:2      | Reached skill level 4 in Dodging
  2185 | D:3      | Noticed Grinder
  2192 | D:3      | Paralysed by Grinder for 2 turns
  2200 | D:3      | Paralysed by Grinder for 7 turns
  2202 | D:3      | Slain by Grinder

Levels and vault maps discovered:
D:1:      minmay_arrival_open_corners, layout_basic
D:2:      minmay_razor_zed, layout_basic, bloody_makhleb
D:3:      layout_loops_ring, nicolae_overflow_hidden_temple, first_ration,
          elyvilon_altar_4, uniq_robin, uniq_grinder

Skill      XL: |  1  2  3 |
---------------+----------+-----
Fighting       | 3 |  3.0
Dodging        | 4 |  4.0
Long Blades    | |  3.7
Stealth        | |  3.8

Action                   || total
-------------------------++-------
Melee: Falchion          ||    70
       Bite              ||    12
       Long sword        ||    46
  Use: Potion            ||    11
 Stab: Sleeping          ||    12
Armor: Robe              ||    30
Dodge: Dodged            ||    80
       Rpst.: Falchion   ||    15
       Long sword        ||     8

Table legend:
 A = Non-vault XP
 B = Vault XP
 C = Vault XP percentage of total XP
 D = Non-vault monster count
 E = Vault monster count
 F = Vault count percentage of total count
                 A         B        C        D         E       F
            +---------+---------+-------+---------+---------+-------
      Total |      70 |      18 |  20.5 |      30 |       9 |  23.1
            +---------+---------+-------+---------+---------+-------
        D:1 |      30 |       0 |   0.0 |      17 |       0 |   0.0
        D:2 |      35 |      18 |  34.0 |      12 |       9 |  42.9
        D:3 |       5 |       0 |   0.0 |       1 |       0 |   0.0
            +---------+---------+-------+---------+---------+-------
